 Dungeon Crawl Stone Soup version 0.30.1-11-g7821555f0a (webtiles) character file.

Game seed: 1612278625460265287

634 safid the Chiller (level 7, -5/54 HPs)
             Began as a Merfolk Ice Elementalist on Nov 9, 2023.
             Was an Initiate of Vehumet.
             Killed from afar by Grinder (22 damage)
             ... with a bolt of dispelling energy
             ... on level 4 of the Dungeon.
             The game lasted 00:08:40 (3699 turns).

safid the Chiller (Merfolk Ice Elementalist)        Turns: 3699, Time: 00:08:40

Health: -5/54      AC:  3    Str: 12    XL:     7   Next: 49%
Magic:  5/13       EV: 13    Int: 16    God:    Vehumet [......]
Gold:   214        SH:  0    Dex: 14    Spells: 7/14 levels left

rFire   . . .        c - +0 short sword
rCold   . . .        (no shield)
rNeg    . . .        j - +0 robe of Generosity {Rampage Str+3 Archmagi}
rPois   .            l - +0 helmet
rElec   .            (no cloak)
rCorr   +            (no gloves)
SInv    +            (no boots)
Will    .....        (no amulet)
Stlth   ++           n - ring of resist corrosion
HPRegen 0.29/turn    t - ring of see invisible
MPRegen 0.13/turn

%: rampage, archmagi
@: freezing walls, flying (expiring), hasted (expiring), very quick
A: (nimble swimmer 2), mertail
a: Renounce Religion


You were on level 4 of the Dungeon.
You worshipped Vehumet.
Vehumet was noncommittal.
You visited 2 branches of the dungeon, and saw 5 of its levels.
You also visited: Ossuary.

You collected 214 gold pieces.

Inventory:

Hand Weapons
 c - a +0 short sword (weapon)
Missiles
 d - 2 throwing nets
Armour
 j - the +0 robe of Generosity (worn) {Rampage Str+3 Archmagi}
   (You found it on level 2 of the Dungeon)

   Str:       It affects your strength (+3).
   Rampage:   It bestows one free step when moving towards enemies.
   Archmagi:  It increases the power of your magical spells.
 l - a +0 helmet (worn)
Jewellery
 n - a ring of resist corrosion (left hand)
 t - a ring of see invisible (right hand)
Scrolls
 a - 2 scrolls of identify {unknown}
 g - a scroll of enchant armour {unknown}
 i - a scroll of magic mapping {unknown}
 m - 6 scrolls of teleportation {unknown}
 p - a scroll of vulnerability {unknown}
 s - a scroll of poison {unknown}
 x - 2 scrolls of fog {unknown}
 y - a scroll of enchant weapon {unknown}
Potions
 b - a potion of magic
 e - 2 potions of brilliance {unknown}
 f - 2 potions of curing {unknown}
 k - 3 potions of might {unknown}
 o - 4 potions of haste
 q - 2 potions of flight
 u - a potion of lignification {unknown}
 v - a potion of invisibility
 w - a potion of ambrosia {unknown}
 z - a potion of heal wounds {unknown}


   Skills:
 + Level 4.3 Fighting
 + Level 4.6 Dodging
 - Level 2.1 Stealth
 + Level 4.3 Spellcasting
 + Level 6.4 Ice Magic


You had 7 spell levels left.
You knew the following spells:

 Your Spells              Type           Power      Damage    Failure   Level
a - Freeze                Ice            100%       1d10      1%          1
b - Frozen Ramparts       Ice            70%        1d11      3%          3
c - Ozocubu's Armour      Ice            35%        N/A       3%          3

Your spell library contained the following spells:

 Spells                   Type           Power      Damage    Failure   Level
 Apportation              Tloc           10%        N/A       17%         1
 Necrotise                Necr           20%        1d5       17%         1
 Sting                    Tmut/Pois      20%        1d4       17%         1
 Summon Small Mammal      Summ           20%        N/A       17%         1
 Lesser Beckoning         Tloc           10%        N/A       26%         2
 Poisonous Vapours        Pois/Air       10%        N/A       26%         2
 Summon Ice Beast         Ice/Summ       20%        N/A       41%         4
 Gell's Gravitas          Tloc           5%         N/A       45%         3
 Teleport Other           Tloc           5%         N/A       45%         3
 Olgreb's Toxic Radiance  Pois           5%         N/A       86%         4


Dungeon Overview and Level Annotations

Branches:
Dungeon (4/15)             Temple (1/1) D:4         Ossuary (visited)

Altars:
Ashenzari
Cheibriados
Dithmenos
Hepliaklqana
Vehumet
Yredelemnul

Shops:
D:3 :

Annotations:
D:4 Grinder


Innate Abilities, Weirdness & Mutations

((You are very nimble when in or above water. (Stealth+, EV+, Speed+++)))
Your lower body shifts to a powerful aquatic tail in water.


Message History

Grinder is lightly wounded.
Grinder completely resists.
The wall freezes Grinder but does no damage.
Grinder zaps a wand.
The bolt of dispelling energy misses you.
You hit Grinder but do no damage.
Grinder is lightly wounded.
Grinder completely resists.
The wall freezes Grinder but does no damage.
Grinder hits you.
You writhe in agony.
You hit Grinder.
Grinder is lightly wounded.
Grinder resists.
The wall freezes Grinder.
Grinder gestures at you. Pain shoots through your body!
* * * LOW HITPOINT WARNING * * *
Unknown command.
Unknown command.
You hit Grinder.
Grinder is moderately wounded.
Grinder resists.
The wall freezes Grinder.
Grinder gestures at you. You resist with significant effort.
Unknown command.
It was a potion of haste.
You feel yourself speed up.
The wall freezes Grinder but does no damage.
Grinder misses you.
It was a potion of flight.
You feel very buoyant.
You fly up into the air.
Grinder completely resists.
The wall freezes Grinder but does no damage.
Grinder gestures at you. You resist with significant effort.
Unknown command.
You hit Grinder but do no damage.
Grinder is moderately wounded.
Grinder resists.
The wall freezes Grinder.
Grinder zaps a wand.
The bolt of dispelling energy hits you!!
Your magical effects are unravelling.
You die...

#......#.........
#......#.........
#......#.........
#......#.........
#......#.........
##......#......#..
#..............#..
#5..!#.........###
#@...#.........# .
#....#.........##.
#....##........##+
#.................
#.................
#.................
#.........###...##
#........(...>....
##!###.......#..#.


You could see Grinder.

Vanquished Creatures
  Sigmund (D:2)
  2 scorpions (D:4)
  A centaur zombie (Ossuary)
  2 human zombies (Ossuary)
  An orc priest (D:3)
  2 hounds (D:4)
  An orc wizard (D:3)
  4 mummies (Ossuary)
  Robin (D:2)
  An adder (D:4)
  3 worms (D:2)
  4 orcs (D:3)
  2 bats
  2 endoplasms
  A giant cockroach (D:1)
  A gnoll zombie (Ossuary)
  10 hobgoblins
  4 jackals (D:3)
  8 kobolds
  A quokka (D:2)
  7 ball pythons
  2 frilled lizards (D:3)
  10 goblins
  A goblin zombie (Ossuary)
  2 kobold zombies (Ossuary)
  An orc zombie (Ossuary)
  24 rats
99 creatures vanquished.

Notes
Turn   | Place    | Note
-------+----------+-------------------------------------------
     0 | D:1      | safid the Merfolk Ice Elementalist began the quest for the
                  | Orb.
     0 | D:1      | Reached XP level 1. HP: 13/13 MP: 3/3
   459 | D:1      | Reached XP level 2. HP: 20/20 MP: 5/5
   739 | D:2      | Reached skill level 1 in Fighting
   793 | D:2      | Identified the +0 robe of Generosity {Rampage Str+3
                  | Archmagi}
   827 | D:2      | Noticed Sigmund
   847 | D:2      | Killed Sigmund
   848 | D:2      | Reached skill level 5 in Ice Magic
   848 | D:2      | Reached XP level 3. HP: 15/28 MP: 1/7
   848 | D:2      | Reached XP level 4. HP: 18/34 MP: 1/8
   848 | D:2      | Reached XP level 5. HP: 21/40 MP: 1/9
   979 | D:2      | Learned a level 3 spell: Frozen Ramparts
   983 | D:2      | Learned a level 3 spell: Ozocubu's Armour
  1140 | D:2      | Noticed Robin
  1152 | D:2      | Killed Robin
  1785 | D:3      | Found Efuam's Book Boutique.
  1797 | D:3      | Reached XP level 6. HP: 41/47 MP: 11/11
  2516 | D:4      | Found a staircase to the Ecumenical Temple.
  2531 | Temple   | Entered the Ecumenical Temple
  2607 | D:4      | Reached skill level 6 in Ice Magic
  2646 | D:4      | Found a hazy altar of Hepliaklqana.
  2646 | D:4      | Found a broken altar of Ashenzari.
  2695 | D:4      | Found a sand-covered staircase.
  2701 | Ossuary  | Entered an ossuary
  2951 | Ossuary  | Reached XP level 7. HP: 25/53 MP: 6/13
  3556 | Temple   | Became a worshipper of Vehumet
  3685 | D:4      | Noticed Grinder
  3699 | D:4      | Killed from afar by Grinder

Illustrated notes

Levels and vault maps discovered:
D:1:      roderic_crop_circles_arrival_small, layout_loops_ring,
          supply_closet_lemuel
D:2:      layout_basic, minmay_rat_hole, uniq_robin, uniq_sigmund
D:3:      layout_loops_cross, serial_shops, nicolae_shop_rolling_square
D:4:      layout_basic, nicolae_overflow_two_pavilions,
          minmay_temple_entry_glass, nicolae_ossuary_entry_plus, uniq_grinder
Temple:   jpeg_temple_clearing

Skill      XL: |  1  2  3  4  5  6  7 |
---------------+----------------------+-----
Fighting       | 2 3 4 |  4.3
Spellcasting   | 3 4 |  4.3
Ice Magic      | 5 6 |  6.4
Dodging        | 3 4 |  4.6
Stealth        | |  2.1

Action                     |  1- 3 |  4- 6 |  7- 9 || total
---------------------------+-------+-------+-------++-------
  Melee: Short sword       |    18 |   236 |    81 ||   335
         Punch             |       |     3 |       ||     3
   Cast: Freeze            |    10 |     2 |     4 ||    16
         Frozen Ramparts   |       |    10 |     6 ||    16
         Ozocubu's Armour  |       |     6 |     6 ||    12
    Use: Potion            |       |       |     2 ||     2
   Stab: Sleeping          |     3 |     6 |       ||     9
         Distracted        |       |     1 |       ||     1
 Armour: Robe              |     3 |    50 |    40 ||    93
  Dodge: Dodged            |    11 |   123 |    74 ||   208
